Description

tvp

Replay - TvP

Build Order

Get SALT Encoding   

  12  0:00  SCV  
  13  0:18  Supply Depot  
  13  0:20  SCV  
  14  0:27  Refinery  
  14  0:32  SCV  
  15  0:43  Barracks  
  15  0:46  SCV  
  16  0:58  SCV  
  17  1:06  Refinery  
  17  1:10  SCV  
  18  1:29  Marine  
  18  1:31  Factory  
  20  1:36  Orbital Command  
  19  1:49  Barracks Reactor  
  19  1:52  Supply Depot  
  19  2:02  SCV  
  20  2:14  SCV  
  21  2:21  Supply Depot  
  21  2:28  Cyclone x2  
  24  2:33  SCV  
  28  2:46  Starport  
  28  2:48  Barracks Tech Lab  
  28  2:50  SCV  
  29  3:03  Hellion x2  
  34  3:30  Banshee  
  34  3:31  Cloaking Field  
  34  3:33  Hellion  
  39  4:01  Cyclone  
  38  4:07  Cyclone  
  35  4:23  Banshee  
  36  4:34  Hellion  
  36  4:35  Supply Depot  
  37  4:39  Hellion  
  41  5:18  Banshee  
  37  5:50  Cyclone x2  
  37  6:01  Banshee  
  38  6:04  Starport  
  38  6:10  Command Center  
  39  6:22  Hellion x2  
  39  6:23  Barracks Tech Lab  
  45  6:43  Hellion  
  45  6:44  Refinery x2  
  50  6:54  Banshee, Hellion  
  50  6:55  Hyperflight Rotors  
  48  7:17  Hellion  
  48  7:18  Banshee  
  48  8:03  Banshee x2  
  48  8:05  Orbital Command  
  54  8:26  Cyclone x2  
  61  8:38  Supply Depot  
  63  8:51  Banshee x2  
  69  8:58  Cyclone x2  
  79  9:18  Command Center  
Spawning Tool Build Advisor. Get it on Overwolf

Go to:

Details

  • Created by: Terradin
  • Published on: Feb 26, 2018
  • Modified on: Mar 10, 2018
  • Patch: 4.0.0
Show
View Real Time Build Order
Export as new Build Order

Comments (0)

There are no comments. Be the first!

Create an account to comment!